 Dungeon Sprint DCSS version 0.29-a0-297-g7659ce593d (webtiles) character file.

Game seed: 84557875267753473

2600000 namelastname112 the Formicid Barricade (level 20, -29/197 HPs)
             Began as a Formicid Fighter on Mar 21, 2022.
             Was the Champion of Makhleb.
             Annihilated by a bag of meat
             ... wielding a +9 war axe
              (44 damage)
             ... in the Dungeon (Sprint VIII: "Arena of Blood").
             The game lasted 00:00:37 (26 turns).

namelastname112 the Formicid Barricade (FoFi)         Turns: 26, Time: 00:00:38

Health: -29/197    AC: 13    Str: 23    XL:     20   Next: 22%
Magic:  18/30      EV: 25    Int:  9    God:    Makhleb [******]
Gold:   0          SH: 11    Dex: 16    Spells: 33/33 levels left

rFire   . . .      SeeInvis +   h - +∞ Axe of Woe
rCold   . . .      Faith    .   c - +0 buckler
rNeg    . . .      Spirit   .   b - +0 scale mail
rPois   .          Reflect  .   (helmet unavailable)
rElec   .          Harm     .   (no cloak)
rCorr   .          Rampage  .   (no gloves)
Will    ++...                   (no boots)
Stlth   +++.......              (no amulet)
HPRegen 0.42/turn               (no ring)
MPRegen 0.22/turn               (no ring)

@: no status effects
A: permanent stasis, dig shafts and tunnels, antennae 3, four strong arms
a: Dig, Renounce Religion, Minor Destruction, Lesser Servant of Makhleb, Major
Destruction, Greater Servant of Makhleb


You were in the Dungeon.
You worshipped Makhleb.
Makhleb was exalted by your worship.
You visited 1 branch

Inventory:

Hand Weapons
 a - a +0 war axe
 h - the +∞ Axe of Woe (weapon)
   (You found it in the Dungeon)
Armour
 b - a +0 scale mail (worn)
 c - a +0 buckler (worn)
Potions
 d - a potion of might
 e - a potion of curing
 f - a potion of heal wounds
 g - 2 potions of magic


   Skills:
 O Level 27 Fighting
 + Level 7.0(8.3) Short Blades
 + Level 7.0(8.3) Long Blades
 O Level 27 Axes
 + Level 7.0(19.6) Maces & Flails
 + Level 7.0(19.6) Polearms
 + Level 7.0(9.5) Staves
 + Level 7.6(9.1) Slings
 + Level 5.8 Bows
 + Level 7.0 Crossbows
 + Level 7.0(8.3) Throwing
 O Level 27 Armour
 O Level 27 Dodging
 + Level 9.2 Stealth
 O Level 27 Shields
 + Level 7.0 Unarmed Combat
 + Level 7.0 Spellcasting
 + Level 6.3 Conjurations
 + Level 8.4 Hexes
 + Level 7.0 Summonings
 + Level 7.0 Necromancy
 + Level 6.3 Translocations
 + Level 7.6 Transmutations
 + Level 7.0 Fire Magic
 + Level 7.0 Ice Magic
 + Level 5.8 Air Magic
 + Level 8.4 Earth Magic
 + Level 9.2 Poison Magic
 + Level 8.4 Invocations
 + Level 7.6 Evocations


You had 33 spell levels left.
You didn't know any spells.
Your spell library was empty.

Dungeon Overview and Level Annotations

Branches:
Dungeon (1/1)

Altars:
Makhleb


Innate Abilities, Weirdness & Mutations

You cannot be hasted, slowed, berserked, paralysed or teleported.
You can dig through walls and to a lower floor.
You have a pair of large antennae on your head. (SInv)
Your four strong arms can wield two-handed weapons with a shield.


Message History

You hear a shout!!! x5
A bag of meat comes into view! It is wielding a +9 war axe!
You hear a shout!!! x3
The bag of meat is engulfed in blazing flames!
A bag of meat comes into view! It is wielding a +9 war axe!
You hear a shout!!!
Your base Short Blades skill increases to level 7!!!
Your base Long Blades skill increases to level 7!!!
Your base Maces & Flails skill increases to level 7!!!
Your base Polearms skill increases to level 7!!!
Your base Staves skill increases to level 7!!!
Your base Slings skill increases to level 7!!!
Your Crossbows skill increases to level 7!!!
Your base Throwing skill increases to level 7!!!
Your Stealth skill increases to level 9!!!
Your Unarmed Combat skill increases to level 7!!!
Your Spellcasting skill increases to level 7!!!
Your Conjurations skill increases to level 6!!!
Your Hexes skill increases to level 8!!!
Your Summonings skill increases to level 7!!!
Your Necromancy skill increases to level 7!!!
Your Translocations skill increases to level 6!!!
Your Transmutations skill increases to level 7!!!
Your Fire Magic skill increases to level 7!!!
Your Ice Magic skill increases to level 7!!!
Your Earth Magic skill increases to level 8!!!
Your Poison Magic skill increases to level 9!!!
Your Invocations skill increases to level 8!!!
Your Evocations skill increases to level 7!!!
You have reached level 20!!!
You feel stronger!
The large bag of meat attacks as you move away!!!
The large bag of meat hits you with a +9 giant spiked club!!!!!!
The large bag of meat hits you with a +9 giant spiked club!!!
The large bag of meat attacks as you move away!!!
The large bag of meat hits you with a +9 giant spiked club!!!!!!!!! x2 * * * don't die
* * * The bag of meat attacks as you move away!!!
The bag of meat hits you with a +9 war axe!!!!!!!!! rip

.. ...... .......
#.......# ....... {
#.......#{ .......
.###.. ....###.......
......###............
....._.........O...
#....O#..)....#.# .
#_.<._#.O@☼...O.o
....#.)...#)Oo§..#.#.
......._..o.o.§o.....
......###.))..o...#.#
.###.......###.......
#.......# {.o....O
#.......# .......
........{ ....o..
..........{ #...#


You could see 4 large bags of meat, a meat berserker (berserk) and 8 bags of
meat.

Vanquished Creatures
  2 vampire knights (D)
  8 ogres (D)
  A two-headed ogre (D)
  13 orcs (D)
24 creatures vanquished.

Notes
Turn   | Place    | Note
-------+----------+-------------------------------------------
     0 | D        | Found the +∞ Axe of Woe
     0 | D        | namelastname112 the Formicid Fighter began the quest for
                  | the Orb.
     0 | D        | Reached XP level 1. HP: 18/18 MP: 1/1
     2 | D        | Noticed a bag of meat
     2 | D        | Noticed a bag of meat
     4 | D        | Killed a bag of meat
     4 | D        | Noticed a bag of meat
     5 | D        | Reached skill level 15 in Fighting
     5 | D        | Reached skill level 15 in Armour
     5 | D        | Reached XP level 2. HP: 45/45 MP: 2/2
     5 | D        | Reached XP level 3. HP: 51/51 MP: 3/3
     5 | D        | Reached XP level 4. HP: 58/58 MP: 4/4
     5 | D        | Reached XP level 5. HP: 64/64 MP: 5/5
     5 | D        | Reached XP level 6. HP: 71/71 MP: 6/6
     5 | D        | Reached XP level 7. HP: 77/77 MP: 7/7
     5 | D        | Reached XP level 8. HP: 85/85 MP: 8/8
     5 | D        | Reached XP level 9. HP: 91/91 MP: 9/9
     5 | D        | Reached XP level 10. HP: 98/98 MP: 10/10
     5 | D        | Reached XP level 11. HP: 104/104 MP: 11/11
     5 | D        | Became a worshipper of Makhleb the Destroyer
     5 | D        | Noticed a meat berserker
     6 | D        | Noticed a bag of meat
     7 | D        | Noticed a meat berserker
     8 | D        | Noticed a bag of meat
     9 | D        | Noticed a meat berserker
     9 | D        | Noticed a bag of meat
    10 | D        | Killed a meat berserker
    10 | D        | Noticed a bag of meat
    10 | D        | Noticed a bag of meat
    11 | D        | Reached XP level 12. HP: 21/120 MP: 12/12
    11 | D        | Reached XP level 13. HP: 22/127 MP: 13/13
    11 | D        | Killed a meat berserker
    11 | D        | Reached * piety under Makhleb
    11 | D        | Killed a bag of meat
    11 | D        | Noticed a meat berserker
    11 | D        | Noticed a bag of meat
    11 | D        | Noticed a bag of meat
    11 | D        | Noticed a bag of meat
    11 | D        | Noticed a bag of meat
    11 | D        | Noticed a bag of meat
    12 | D        | Reached XP level 14. HP: 25/141 MP: 14/14
    12 | D        | Killed a bag of meat
    12 | D        | Killed a bag of meat
    12 | D        | Reached ** piety under Makhleb
    12 | D        | Noticed a large bag of meat
    12 | D        | Noticed a large bag of meat
    12 | D        | Noticed a bag of meat
    12 | D        | Noticed a bag of meat
    13 | D        | Reached skill level 15 in Axes
    13 | D        | Reached XP level 15. HP: 28/151 MP: 15/15
    13 | D        | Killed a meat berserker
    14 | D        | Reached *** piety under Makhleb
    14 | D        | Noticed a meat berserker
    14 | D        | HP: 3/155 [meat berserker/+9 battleaxe (45)]
    15 | D        | Reached skill level 27 in Shields
    15 | D        | Reached XP level 16. HP: 3/166 MP: 16/16
    15 | D        | Killed a meat berserker
    16 | D        | Reached skill level 27 in Fighting
    16 | D        | Reached skill level 27 in Armour
    16 | D        | Reached XP level 17. HP: 55/174 MP: 17/17
    16 | D        | Noticed a meat berserker
    16 | D        | Noticed a meat berserker
    17 | D        | Reached **** piety under Makhleb
    17 | D        | Noticed a destroyer
    17 | D        | Noticed a meat berserker
    18 | D        | Reached skill level 27 in Axes
    18 | D        | Reached skill level 10 in Dodging
    18 | D        | Noticed a destroyer
    19 | D        | Noticed a large bag of meat
    19 | D        | Killed a large bag of meat
    19 | D        | Killed a meat berserker
    20 | D        | Reached XP level 18. HP: 128/182 MP: 18/18
    21 | D        | Killed a destroyer
    21 | D        | Reached ***** piety under Makhleb
    22 | D        | Reached skill level 27 in Dodging
    22 | D        | Killed a meat berserker
    23 | D        | Reached skill level 5 in Stealth
    23 | D        | Reached skill level 5 in Poison Magic
    23 | D        | Reached skill level 5 in Invocations
    23 | D        | Reached XP level 19. HP: 178/189 MP: 18/25
    23 | D        | Killed a destroyer
    23 | D        | Noticed a meat berserker
    24 | D        | Reached skill level 5 in Short Blades
    24 | D        | Reached skill level 5 in Long Blades
    24 | D        | Reached skill level 5 in Maces & Flails
    24 | D        | Reached skill level 5 in Polearms
    24 | D        | Reached skill level 5 in Staves
    24 | D        | Reached skill level 5 in Slings
    24 | D        | Reached skill level 5 in Crossbows
    24 | D        | Reached skill level 5 in Throwing
    24 | D        | Reached skill level 5 in Unarmed Combat
    24 | D        | Reached skill level 5 in Spellcasting
    24 | D        | Reached skill level 5 in Summonings
    24 | D        | Reached skill level 5 in Necromancy
    24 | D        | Reached skill level 5 in Transmutations
    24 | D        | Reached skill level 5 in Fire Magic
    24 | D        | Reached skill level 5 in Ice Magic
    24 | D        | Reached skill level 5 in Evocations
    24 | D        | Killed a meat berserker
    25 | D        | Reached skill level 5 in Bows
    25 | D        | Reached skill level 5 in Conjurations
    25 | D        | Reached skill level 5 in Translocations
    25 | D        | Reached skill level 5 in Air Magic
    25 | D        | Noticed a large bag of meat
    25 | D        | Killed a meat berserker
    25 | D        | Reached ****** piety under Makhleb
    26 | D        | Reached XP level 20. HP: 175/197 MP: 18/30
    26 | D        | Noticed a large bag of meat
    26 | D        | Annihilated by a bag of meat

Illustrated notes

Levels and vault maps discovered:
D:        meatsprint

Skill      XL: |  1  2  3  4  5  6  7  8  9 10 11 12 13 14 15 16 17 18 19 |
---------------+----------------------------------------------------------+-----
Fighting       | 15 19 22 24 26 27 | 27.0
Axes           | 9 11 13 15 18 25 27 | 27.0
Armour         | 15 19 22 24 26 27 | 27.0
Shields        | 17 20 23 25 27 | 27.0
Dodging        | 4 21 27 | 27.0
Short Blades   | 4 7 |  7.0
Long Blades    | 4 7 |  7.0
Maces & Flails | 4 7 |  7.0
Polearms       | 4 7 |  7.0
Staves         | 4 7 |  7.0
Slings         | 4 7 |  7.6
Bows           | 3 5 |  5.8
Crossbows      | 4 7 |  7.0
Throwing       | 4 7 |  7.0
Stealth        | 5 9 |  9.2
Unarmed Combat | 4 7 |  7.0
Spellcasting   | 4 7 |  7.0
Conjurations   | 3 6 |  6.3
Hexes          | 4 8 |  8.4
Summonings     | 4 7 |  7.0
Necromancy     | 4 7 |  7.0
Translocations | 3 6 |  6.3
Transmutations | 4 7 |  7.6
Fire Magic     | 4 7 |  7.0
Ice Magic      | 4 7 |  7.0
Air Magic      | 3 5 |  5.8
Earth Magic    | 4 8 |  8.4
Poison Magic   | 5 9 |  9.2
Invocations    | 5 8 |  8.4
Evocations     | 4 7 |  7.6

Action                   |  1- 3 |  4- 6 |  7- 9 | 10-12 | 13-15 | 16-18 | 19-21 || total
-------------------------+-------+-------+-------+-------+-------+-------+-------++-------
Melee: Executioner's axe |     1 |       |       |     1 |     4 |     5 |     3 ||    14

Table legend: (Time is in decaauts)
 A = Elapsed time spent in this place.
 B = Non-inter-level travel time spent in this place.
 C = Inter-level travel time spent in this place.
 D = Time resting spent in this place.
 E = Time spent auto-exploring this place.
 F = Levels seen in this place.
 G = Mean time per level.
                   A        B        C        D        E       F      G
               +--------+--------+--------+--------+--------+-----+--------+
         Total |     25 |     25 |      0 |      0 |      0 |   1 |   25.0 |
       Dungeon |     25 |     25 |      0 |      0 |      0 |   1 |   25.0 |
               +--------+--------+--------+--------+--------+-----+--------+

Top non-repeatable levels by time:
       D: 25 daAuts
